 Dungeon Sprint DCSS version 0.25.1-8-g42b30a86e7 (webtiles) character file.

Game seed: 18307685893105628332

51 gruber the Cleaver (level 3, -2/33 HPs)
             Began as a Deep Dwarf Fighter on Dec 15, 2020.
             Was an Initiate of Makhleb.
             Succumbed to a killer bee's poison
             ... in the Dungeon (Sprint IX: "|||||||||||||||||||||||||||||").
             The game lasted 00:00:50 (144 turns).

gruber the Cleaver (Deep Dwarf Fighter)              Turns: 144, Time: 00:00:50

Health: -2/33      AC: 13    Str: 23    XL:     3   Next: 58%
Magic:  3/3        EV:  4    Int:  8    God:    Makhleb [......]
Gold:   0          SH:  9    Dex: 12    Spells: 2/2 levels left

rFire    . . .     SeeInvis .   a - +0 war axe
rCold    . . .     Gourm    .   c - +0 kite shield
rNeg     . . .     Faith    .   u - +0 plate armour
rPois    .         Spirit   .   (no helmet)
rElec    .         Reflect  .   (no cloak)
rCorr    .         Harm     .   (no gloves)
MR       .....     NoTele   +   (no boots)
Stlth    ..........             (no amulet)
HPRegen  0.00/turn              s - +2 ring of protection
MPRegen  0.08/turn              t - +3 ring of strength

@: lethally poisoned (-2 -> -6), non-regenerating
A: damage resistance, heal wounds, sense surroundings 1, no regeneration
a: Heal Wounds, Renounce Religion


You were in the Dungeon.
You worshipped Makhleb.
Makhleb was noncommittal.
You were not hungry.

You visited 1 branch

Inventory:

Hand Weapons
 a - a +0 war axe (weapon)
 q - a +1 vorpal broad axe
Armour
 b - a +0 scale mail
 c - a +0 kite shield (worn)
 r - a +0 helmet
 u - a +0 plate armour (worn)
Jewellery
 s - a +2 ring of protection (left hand)
 t - a +3 ring of strength (right hand)
Wands
 p - a wand of iceblast (10)
Scrolls
 k - 2 scrolls of blinking
 n - 3 scrolls of remove curse
 o - 2 scrolls of amnesia
Potions
 d - a potion of might
 e - 5 potions of curing
 g - 3 potions of heal wounds
 h - a potion of haste
 i - 4 potions of magic
 j - a potion of berserk rage
 m - a potion of invisibility
Comestibles
 f - a ration
 l - 10 chunks of flesh


   Skills:
 - Level 2.6 Fighting
 + Level 8.1 Axes
 - Level 3.2 Armour
 - Level 3.2 Shields


You had 2 spell levels left.
You didn't know any spells.
Your spell library was empty.

Dungeon Overview and Level Annotations

Branches:
Dungeon (1/1)

Altars:
Cheibriados
Dithmenos
Elyvilon
Fedhas
Gozag
Hepliaklqana
Kikubaaqudgha
Makhleb
Nemelex Xobeh
Okawaru
Qazlal
Ru
Sif Muna
Trog
Uskayaw
Vehumet
Wu Jian
Xom
Yredelemnul
Zin
The Shining One
Beogh
Jiyva
Lugonu


Innate Abilities, Weirdness & Mutations

You are resistant to damage.
You can heal yourself by infusing magical energy.
You passively map a small area around you.
You do not regenerate.


Message History

The killer bee poisons you! You block the killer bee's attack.
The killer bee barely misses you.
You miss the killer bee.
The killer bee is lightly wounded.
The killer bee stings you but does no damage.
You block the killer bee's attack.
You slash the killer bee!
The killer bee is almost dead.
The killer bee stings you.
You are more poisoned.
The killer bee poisons you! The killer bee barely misses you.
The killer bee stings you.
* * * LOW HITPOINT WARNING * * *
You are lethally poisoned!
The killer bee poisons you!
Unknown command.
Unknown command.
You miss the killer bee.
The killer bee is almost dead.
You die...

▓.▓,
* *
▓.▓
▓|▓
* *,
▓)▓
*
▓[▓
▓.▓
,
▓.▓
*,
▓.▓
▓@▓
*,
▓y▓
*
▓F▓,
▓l▓
▓D▓,
+
▓H▓
, ,
▓Z▓
▓.▓,
* ,
*


You could see a hippogriff, a steam dragon, a bullfrog, an iguana, a killer bee
and an adder skeleton.

Vanquished Creatures
  A crimson imp (D)
  A shadow imp (D)
  A leopard gecko (D)
  An orc (D)
  A bat skeleton (D)
  2 goblins (D)
  A hobgoblin (D)
  A kobold (D)
  A bat (D)
10 creatures vanquished.

Notes
Turn   | Place    | Note
-------+----------+-------------------------------------------
     0 | D        | gruber the Deep Dwarf Fighter began the quest for the Orb.
     0 | D        | Reached XP level 1. HP: 20/20 MP: 1/1
    15 | D        | Reached skill level 3 in Axes
    17 | D        | Reached skill level 4 in Axes
    31 | D        | Noticed a crimson imp
    32 | D        | Reached XP level 2. HP: 27/27 MP: 2/2
    33 | D        | Reached skill level 5 in Axes
    38 | D        | Reached skill level 6 in Axes
    54 | D        | Killed a crimson imp
    54 | D        | Reached skill level 8 in Axes
    54 | D        | Reached XP level 3. HP: 19/33 MP: 3/3
    65 | D        | Found a roughly hewn altar of Beogh.
    65 | D        | Found a snail-covered altar of Cheibriados.
    65 | D        | Found a shadowy altar of Dithmenos.
    65 | D        | Found a white marble altar of Elyvilon.
    65 | D        | Found a blossoming altar of Fedhas.
    65 | D        | Found an opulent altar of Gozag.
    66 | D        | Found a hazy altar of Hepliaklqana.
    67 | D        | Found a viscous altar of Jiyva.
    68 | D        | Found an ancient bone altar of Kikubaaqudgha.
    69 | D        | Found a corrupted altar of Lugonu.
    70 | D        | Found a burning altar of Makhleb.
    71 | D        | Found a sparkling altar of Nemelex Xobeh.
    72 | D        | Found an iron altar of Okawaru.
    73 | D        | Found a stormy altar of Qazlal.
    74 | D        | Found a sacrificial altar of Ru.
    75 | D        | Found a shimmering blue altar of Sif Muna.
    76 | D        | Found a bloodstained altar of Trog.
    77 | D        | Found a hide-covered altar of Uskayaw.
    78 | D        | Became a worshipper of Makhleb the Destroyer
    79 | D        | Found a radiant altar of Vehumet.
    80 | D        | Found an ornate altar of the Wu Jian Council.
    81 | D        | Found a shimmering altar of Xom.
    82 | D        | Found a basalt altar of Yredelemnul.
    83 | D        | Found a glowing silver altar of Zin.
    84 | D        | Found a glowing golden altar of the Shining One.
   131 | D        | Noticed a killer bee
   131 | D        | Noticed a bullfrog
   131 | D        | Noticed a steam dragon
   131 | D        | Noticed a hippogriff
   143 | D        | HP: 1/33 [killer bee (3)]
   144 | D        | Succumbed to a killer bee's poison

Illustrated notes

Levels and vault maps discovered:
D:        linesprint [early_d, line_temple, items_1, d_10, items_2, lair_1,
          lair_end, items_3, orc_1, orc_end, items_4, d_15, swamp_1, shoals_1,
          snake_1, spider_1, d_20, vaults_1, items_5, swamp_end, shoals_end,
          snake_end, spider_end, vaults_end, d_27, items_6, zot_1, zot_end,
          crypt_end, forest_end, elf_end, slime_end, tomb_end, abyss_end,
          pan_hell_end]

Skill      XL: |  1  2 |
---------------+-------+-----
Axes           | 4 8 |  8.1
Fighting       | |  2.6
Armour         | |  3.2
Shields        | |  3.2

Action                   || total
-------------------------++-------
Melee: War axe           ||    53
Armor: Scale mail        ||    17
       Plate armour      ||    12
Dodge: Dodged            ||    18
Block: Kite shield       ||    20
